 Dungeon Crawl Stone Soup version 0.30-a0-414-gcb316572d5 (webtiles) character file.

Game seed: 16487301516221182732

995 McMuffin the Cleaver (level 8, 0/67 (68) HPs)
             Began as a Hill Orc Fighter on Dec 7, 2022.
             Succumbed to a killer bee's poison
             ... on level 9 of the Dungeon.
             The game lasted 00:16:27 (2045 turns).

McMuffin the Cleaver (Hill Orc Fighter)             Turns: 2045, Time: 00:16:28

HP:   0/67 (68)     AC: 14    Str: 21    XL:     8   Next: 19%
MP:   8/8           EV:  7    Int:  8    God:
Gold: 189           SH: 10    Dex: 16    Spells: 7/7 levels left

rFire   . . .      SeeInvis .    a - +0 war axe
rCold   . . .      Faith    .    s - +0 kite shield
rNeg    . . .      Spirit   .    t - +0 chain mail
rPois   .          Reflect  .    (no helmet)
rElec   .          Harm     .    i - +1 cloak
rCorr   .          Rampage  .    u - +0 pair of gloves
Will    .....                    n - +0 pair of boots
Stlth   ..........               (no amulet)
HPRegen 0.31/turn                g - ring of wizardry
MPRegen 0.11/turn                h - +6 ring of dexterity

@: lethally poisoned (0 -> -1), lightly drained
A: no striking features
a: no special abilities


You were on level 9 of the Dungeon.
You visited 1 branch of the dungeon, and saw 7 of its levels.

You collected 189 gold pieces.

Inventory:

Hand Weapons
 a - a +0 war axe (weapon)
 v - a +2 vampiric whip
Missiles
 d - 2 boomerangs
 m - 2 poisoned darts (quivered)
Armour
 b - a +0 scale mail
 c - a +0 buckler
 i - a +1 cloak (worn)
 n - a +0 pair of boots (worn)
 s - a +0 kite shield (worn)
 t - a +0 chain mail (worn)
 u - a +0 pair of gloves (worn)
Jewellery
 g - a ring of wizardry (left hand)
 h - a +6 ring of dexterity (right hand)
Wands
 k - a wand of paralysis (6)
 o - a wand of polymorph (6)
Scrolls
 w - a scroll of amnesia {unknown}
 x - a scroll of blinking
 y - a scroll of enchant weapon {unknown}
Potions
 l - 2 potions of might
 p - a potion of attraction


   Skills:
 + Level 5.3 Fighting
 + Level 8.2 Axes
 + Level 5.7 Armour
 + Level 1.6 Dodging
 + Level 0.2 Stealth
 + Level 5.1 Shields


You had 7 spell levels left.
You didn't know any spells.
Your spell library contained the following spells:

 Spells                   Type           Power      Damage    Failure   Level
 Magic Dart               Conj           0%         1d3       98%         1
 Searing Ray              Conj           0%         2d4       99%         2
 Fulminant Prism          Conj/Hex       0%         3d5       100%        4


Dungeon Overview and Level Annotations

Branches:
Dungeon (9/15)             Temple (0/1) D:5
   Lair: D:8-11         Orc: D:9-12

Altars:
Kikubaaqudgha
Trog
Vehumet


Message History

The killer bee is severely wounded.
You feel very sick.
The killer bee stings you but does no damage. x2
As you read the scroll labelled NAEKIA USMUMAISTEY, it crumbles to dust.
Your body is wracked with pain!
* * * LOW HITPOINT WARNING * * *
The killer bee convulses! x2; It was a scroll of torment.
* * * LOW HITPOINT WARNING * * *
You feel sick. You block the killer bee's attack.
The killer bee stings you but does no damage.
It was a potion of attraction.
You feel attractive to monsters.
* * * LOW HITPOINT WARNING * * *
You feel sick. The killer bee closely misses you.
You block the killer bee's attack.
It was a potion of cancellation.
Your magical effects are unravelling.
You feel magically purged.
You float gracefully downwards.
You feel your willpower return.
* * * LOW HITPOINT WARNING * * *
You feel sick. You block the killer bee's attack. x2
You feel less attractive to monsters.
You closely miss the killer bee.
The killer bee is severely wounded.
* * * LOW HITPOINT WARNING * * *
You feel sick. You block the killer bee's attack.
The killer bee stings you but does no damage.
You hit the killer bee.
You kill the killer bee!
* * * LOW HITPOINT WARNING * * *
You feel sick. You block the killer bee's attack.
The killer bee barely misses you.
You hit the killer bee.
The killer bee is heavily wounded.
* * * LOW HITPOINT WARNING * * *
You feel sick. You block the killer bee's attack.
The killer bee stings you but does no damage.
You slash the killer bee!
The killer bee is almost dead.
You die...

### #.# #.# #.#
########@# #...#..#y#
.#########'##....#######
...................yy...
...........##.....y.....
.........##....#.$..#.
##...#...##....#....#
..##...#...##....#....#
...........##...........


You could see a killer bee (weak-willed).

Vanquished Creatures
  Sigmund (D:4)
  Eustachio (D:4)
  Menkaure (D:4)
  A centaur (D:8)
  A phantom (D:4)
  2 wights (D:8)
  2 killer bees (D:9)
  A howler monkey (D:4)
  A jelly (D:4)
  A hound (D:3)
  An orc wizard (D:4)
  3 gnolls (D:4)
  6 adders
  2 dart slugs
  9 orcs
  3 endoplasms
  3 giant cockroaches
  A goblin (D:1)
  2 hobgoblins (D:4)
  2 jackals (D:2)
  6 kobolds
  A quokka (D:4)
  5 ball pythons
  A bat (D:3)
  2 frilled lizards (D:2)
  4 rats
63 creatures vanquished.

Notes
Turn   | Place    | Note
-------+----------+-------------------------------------------
     0 | D:1      | McMuffin the Hill Orc Fighter began the quest for the Orb.
     0 | D:1      | Reached XP level 1. HP: 19/19 MP: 1/1
   144 | D:1      | Reached XP level 2. HP: 27/27 MP: 2/2
   252 | D:2      | Reached XP level 3. HP: 32/33 MP: 3/3
   268 | D:2      | Reached skill level 3 in Axes
   420 | D:2      | Reached XP level 4. HP: 40/40 MP: 4/4
   438 | D:3      | Found a faded altar of an unknown god.
   600 | D:4      | Reached skill level 4 in Axes
   601 | D:4      | Found a radiant altar of Vehumet.
   601 | D:4      | Found an ancient bone altar of Kikubaaqudgha.
   689 | D:4      | Noticed Sigmund
   729 | D:4      | Killed Sigmund
   730 | D:4      | Reached skill level 5 in Axes
   730 | D:4      | Reached skill level 1 in Dodging
   730 | D:4      | Reached XP level 5. HP: 47/47 MP: 5/5
   730 | D:4      | Reached XP level 6. HP: 53/53 MP: 6/6
  1022 | D:4      | Reached skill level 6 in Axes
  1061 | D:4      | Noticed Menkaure
  1070 | D:4      | Killed Menkaure
  1071 | D:4      | Reached skill level 5 in Armour
  1071 | D:4      | Reached XP level 7. HP: 46/60 MP: 7/7
  1180 | D:4      | Noticed Eustachio
  1203 | D:4      | Killed Eustachio
  1204 | D:4      | Reached skill level 5 in Fighting
  1204 | D:4      | Reached skill level 7 in Axes
  1580 | D:5      | Entered Level 5 of the Dungeon
  1587 | D:5      | Found a staircase to the Ecumenical Temple.
  1651 | D:5      | You fall into a shaft and drop 3 floors!
  1742 | D:8      | Found a bloodstained altar of Trog.
  1803 | D:8      | Reached skill level 5 in Shields
  1803 | D:8      | Reached XP level 8. HP: 25/63 MP: 8/8
  1804 | D:8      | Reached skill level 8 in Axes
  2042 | D:9      | HP: 3/65 [poisoned by a killer bee]
  2045 | D:9      | Succumbed to a killer bee's poison

Illustrated notes

Levels and vault maps discovered:
D:1:      lightli_arrival_isolated_outpost, layout_basic,
          wander_ebering_terrifying_dragon_lair
D:2:      layout_basic, uniq_robin
D:3:      layout_rooms, nicolae_ecumenical_pavilion, uniq_crazy_yiuf_cottage
D:4:      minmay_chambers_of_fours, layout_loops_ring,
          mainiacjoe_overflow_surrounded_room, jmf_multi_god_temple,
          uniq_grinder, uniq_menkaure, uniq_eustachio, uniq_sigmund
D:5:      layout_loops_ring, amcnicky_altar_gilded,
          minmay_temple_entry_stoned_glass, serial_shops, nicolae_shop_crystal,
          nicolae_shop_stone, nicolae_take_the_stairs, serial_bayou_lake_a
D:8:      layout_basic, kennysheep_mini_moat,
          mainiacjoe_overflow_six_doors_small, david_lair_generic,
          hangedman_abyss_or_decor_stagger, uniq_psyche
D:9:      minmay_chambers_of_sixes, layout_stronghold,
          nzn_wu_jian_contemplation, serial_shops, nicolae_diamond_shop,
          nicolae_shop_overgrown_old_shop, nicolae_inconvenience_store, shop

Skill      XL: |  1  2  3  4  5  6  7  8 |
---------------+-------------------------+-----
Axes           | 3 5 6 7 8 |  8.2
Fighting       | 4 5 |  5.3
Armour         | 4 5 |  5.7
Dodging        | 1 |  1.6
Shields        | 4 5 |  5.1
Stealth        | |  0.2

Action                   |  1- 3 |  4- 6 |  7- 9 || total
-------------------------+-------+-------+-------++-------
Melee: War axe           |    53 |    90 |    80 ||   223
  Use: Scroll            |       |       |     9 ||     9
       Potion            |       |       |     5 ||     5
Armor: Scale mail        |    29 |    28 |       ||    57
       Skin              |       |     2 |       ||     2
       Chain mail        |       |    12 |    58 ||    70
Dodge: Dodged            |    22 |    37 |    14 ||    73
Block: Buckler           |    15 |    25 |       ||    40
       Kite shield       |       |     6 |    58 ||    64

Table legend: (Time is in decaauts)
 A = Elapsed time spent in this place.
 B = Non-inter-level travel time spent in this place.
 C = Inter-level travel time spent in this place.
 D = Time resting spent in this place.
 E = Time spent auto-exploring this place.
 F = Levels seen in this place.
 G = Mean time per level.
                   A        B        C        D        E       F      G
               +--------+--------+--------+--------+--------+-----+--------+
         Total |   2115 |   2013 |    102 |    228 |      0 |   7 |  302.1 |
       Dungeon |   2115 |   2013 |    102 |    228 |      0 |   7 |  302.1 |
               +--------+--------+--------+--------+--------+-----+--------+

Top non-repeatable levels by time:
     D:4: 1036 daAuts
     D:2: 301 daAuts
     D:9: 230 daAuts
     D:8: 172 daAuts
     D:1: 156 daAuts
     D:3: 147 daAuts
     D:5: 70 daAuts
